 Dungeon Crawl Stone Soup version 0.26-a0-682-g294304f6e8 (webtiles) character file.

Game seed: 4821045002737385440

53 dickylongcocking the Magician (level 3, -6/27 HPs)
             Began as a Demonspawn Hedge Wizard on Oct 21, 2020.
             Was a Follower of Cheibriados.
             Mangled by an orc
             ... wielding a +0 hand axe
              (7 damage)
             ... on level 2 of the Dungeon.
             The game lasted 00:02:16 (2167 turns).

dickylongcocking the Magician (DsWz)                Turns: 2167, Time: 00:02:17

Health: -6/27      AC:  4    Str:  9 (12) XL:     3   Next: 64%
Magic:  1/7        EV: 11    Int: 16 (18) God:    Cheibriados [*.....]
Gold:   67         SH:  0    Dex: 11 (14) Spells: 5/8 levels left

rFire    + . .     SeeInvis .   a - +0 dagger
rCold    . . .     Faith    .   (no shield)
rNeg     . . .     Spirit   .   d - +0 leather armour
rPois    .         Reflect  .   c - +0 hat
rElec    .         Harm     .   k - +0 cloak
rCorr    .         Rampage  .   (no gloves)
MR       .....                  (no boots)
Stlth    ++........             (no amulet)
HPRegen  0.09/turn              (no ring)
MPRegen  0.10/turn              (no ring)

@: very slow
A: fire resistance 1
a: Bend Time, Renounce Religion


You were on level 2 of the Dungeon.
You worshipped Cheibriados.
Cheibriados was aware of your devotion.
You visited 1 branch of the dungeon, and saw 2 of its levels.

You collected 67 gold pieces.

Inventory:

Hand Weapons
 a - a +0 dagger (weapon)
Armour
 b - a +0 robe
 c - a +0 hat (worn)
 d - a +0 leather armour (worn)
 k - a +0 cloak (worn)
Scrolls
 e - a scroll of remove curse {unknown}
 f - 2 scrolls of identify {unknown}
 g - a scroll of random uselessness {unknown}
 h - a scroll of enchant armour {unknown}
Potions
 l - a potion of degeneration


   Skills:
 * Level 2.2 Fighting
 - Level 1.1 Short Blades
 - Level 1.7 Dodging
 * Level 2.6 Stealth
 - Level 3.0 Spellcasting
 - Level 1.0 Conjurations
 - Level 1.0 Summonings
   Level 0.8 Translocations


You had 5 spell levels left.
You knew the following spells:

 Your Spells              Type           Power        Failure   Level
a - Magic Dart            Conj           #...         17%         1
b - Call Imp              Summ           #.......     26%         2

Your spell library contained the following spells:

 Spells                   Type           Power        Failure   Level
 Blink                    Tloc           N/A          28%         2
 Slow                     Hex            #.......     36%         2
 Conjure Flame            Conj/Fire      #.......     54%         3
 Mephitic Cloud           Conj/Pois/Air  #.......     56%         3


Dungeon Overview and Level Annotations

Branches:
Dungeon (2/15)

Altars:
Cheibriados
Wu Jian


Innate Abilities, Weirdness & Mutations

Your flesh is heat resistant. (rF+)


Message History

The orc barely misses you. x2
You hit the orc but do no damage.
The orc is heavily wounded.
The orc hits you but does no damage. The orc hits you with a +0 hand axe.
* * * LOW HITPOINT WARNING * * *
You hit the orc but do no damage.
The orc is heavily wounded.
The orc closely misses you.
You hit the orc but do no damage.
The orc is heavily wounded.
The orc closely misses you. The orc completely misses you.
You hit the orc but do no damage.
The orc is heavily wounded.
The orc completely misses you.
You hit the orc but do no damage.
The orc is heavily wounded.
The orc hits you from afar with a +0 trident.
* * * LOW HITPOINT WARNING * * *
The orc hits you with a +0 hand axe!
You die...

##.... #.# #.#? #≈≈≈≈≈
#..###?.. #≈≈≈≈≈
#.#.#.#.# ##....
#....... ###.#
#......# ##.##
#.##.#.# ##.##.
#5#...o# #)####
#o#.o.@# #.#...
#>#)...# ##.###
#......# #######
##...### ### #.#....
#.### ##.## #..#..#
#.# ##.#.####......
#.# #.#............
#.#######...##########
#........#.##


You could see 2 orcs.

Vanquished Creatures
  Terence (D:2)
  A dart slug (D:1)
  A leopard gecko (D:2)
  2 goblins (D:2)
  4 hobgoblins (D:2)
  5 kobolds
  2 bats
  3 frilled lizards (D:2)
  4 rats (D:2)
23 creatures vanquished.

Vanquished Creatures (collateral kills)
  A worm (D:2)
  An orc (D:2)
2 creatures vanquished.

Grand Total: 25 creatures vanquished

Notes
Turn   | Place    | Note
-------+----------+-------------------------------------------
     0 | D:1      | dickylongcocking the Demonspawn Hedge Wizard began the
                  | quest for the Orb.
     0 | D:1      | Reached XP level 1. HP: 13/13 MP: 4/4
   425 | D:1      | Found a snail-covered altar of Cheibriados.
   436 | D:1      | Became a worshipper of Cheibriados the Contemplative
   716 | D:2      | Found an ornate altar of the Wu Jian Council.
   722 | D:2      | Reached skill level 1 in Fighting
   767 | D:2      | Reached skill level 1 in Short Blades
   767 | D:2      | Gained mutation: Your flesh is heat resistant. (rF+)
                  | [demonic ancestry]
   767 | D:2      | Reached XP level 2. HP: 21/21 MP: 6/6
   990 | D:2      | Noticed Terence
  1002 | D:2      | Killed Terence
  1002 | D:2      | Reached XP level 3. HP: 17/27 MP: 3/7
  1426 | D:2      | Learned a level 2 spell: Call Imp
  2141 | D:2      | Reached * piety under Cheibriados
  2167 | D:2      | HP: 1/27 [orc/+0 trident (3)]
  2167 | D:2      | Mangled by an orc

Illustrated notes

Levels and vault maps discovered:
D:1:      dpeg_arrival_signposts, layout_basic, cheibriados_altar_1
D:2:      wad_river_or_something, layout_loops_cross, general_overflow_altar,
          minmay_misc_feat_pillars, uniq_terence

Skill      XL: |  1  2 |
---------------+-------+-----
Fighting       | 1 2 |  2.2
Short Blades   | 1 |  1.1
Stealth        | 2 |  2.6
Dodging        | |  1.7
Spellcasting   | |  3.0
Conjurations   | |  1.0
Summonings     | |  1.0
Translocations | |  0.8

Action                   || total
-------------------------++-------
Melee: Dagger            ||    85
 Cast: Magic Dart        ||    42
       Call Imp          ||     6
  Use: Potion            ||     4
 Stab: Sleeping          ||     3
Armor: Leather armour    ||    14
       Skin              ||     4
Dodge: Dodged            ||    76

Table legend: (Time is in decaauts)
 A = Elapsed time spent in this place.
 B = Non-inter-level travel time spent in this place.
 C = Inter-level travel time spent in this place.
 D = Time resting spent in this place.
 E = Time spent auto-exploring this place.
 F = Levels seen in this place.
 G = Mean time per level.
                   A        B        C        D        E       F      G
               +--------+--------+--------+--------+--------+-----+--------+
         Total |   2431 |   2389 |     42 |    440 |   1571 |   2 | 1215.5 |
       Dungeon |   2431 |   2389 |     42 |    440 |   1571 |   2 | 1215.5 |
               +--------+--------+--------+--------+--------+-----+--------+

Top non-repeatable levels by time:
     D:2: 1649 daAuts
     D:1: 781 daAuts
